Jets vs Predators

Created - January 23, 2016 at 10:43

Goals
1 2 3 T
Jets 0 1 1 2
Predators 1 2 1 4
Shots
1 2 3 T
Jets 13 5 10 28
Predators 14 10 11 35

1st period

1. Predators , Max Pacioretty 19 (Nicklas Backstrom) at 9:24

Penalties :
Zbynek Michalek (NSH) for Holding (Minor) at 1:27, Jamie Benn (WPG) for Hooking (Minor) at 4:39, Radko Gudas (WPG) for Hooking (Minor) at 12:56

2nd period

2. Predators , Jaden Schwartz 21 (Cody Franson, Derick Brassard) at 0:47
3. Jets , Cam Atkinson 14 (Dylan Olsen, Nick Bonino) at 6:03
4. Predators , T.J. Oshie 15 (Cody Franson, Nicklas Backstrom) at 10:49

Penalties :
No Penalty

3rd period

5. Jets , Cam Atkinson 15 (Nick Bonino, Nicklas Grossmann) at 12:20
6. Predators , Kevin Hayes 6 (Valtteri Filppula, Artem Anisimov) at 17:01

Penalties :
Jeff Carter (WPG) for Hooking (Minor) at 12:39

Goalie Stats

Cory Schneider (WPG), 31 saves from 35 shots - (0.886), L, 26-14-3, 60:00 minutes
Pekka Rinne (NSH), 26 saves from 28 shots - (0.929), W, 23-9-3, 60:00 minutes

Players Stats for Jets

Player Name              G  A  P  +/- PIM S  H  SB GA TA FO     MP     PP MP  PK MP  
------------------------------------------------------------------------------------
Anders Lee               0  0  0   1  0   2  5  0  0  0  1/1    18:04   0:38   1:42 
Boyd Gordon              0  0  0  -1  0   0  1  0  0  0  5/12    4:46   0:00   0:00 
Brett Bellemore          0  0  0   0  0   1  1  1  0  0  0/0    16:47   0:00   0:00 
Brett Connolly           0  0  0   0  0   0  1  0  0  0  1/2    13:02   0:00   2:17 
Cam Atkinson             2  0  2   1  0   4  0  0  0  0  0/4    16:22   0:38   0:00 
Craig Cunningham         0  0  0  -1  0   1  2  0  0  0  0/0     4:46   0:00   0:00 
David Krejci             0  0  0  -2  0   2  0  0  0  0  14/31  22:52   1:21   0:42 
Dylan Olsen              0  1  1   2  0   0  1  0  0  0  0/0    10:26   0:00   0:00 
Jamie Benn               0  0  0  -2  2   6  1  0  0  0  0/1    22:09   1:21   0:00 
Jeff Carter              0  0  0  -2  2   4  1  0  0  0  1/2    22:09   1:21   0:00 
Kevin Klein              0  0  0   0  0   3  1  1  0  0  0/0    20:03   0:50   2:26 
Nick Bonino              0  2  2   1  0   0  0  0  0  0  16/29  20:01   0:38   3:39 
Nicklas Grossmann        0  1  1   1  0   0  0  1  0  0  0/0    18:32   1:09   2:26 
Patrick Eaves            0  0  0   0  0   1  1  0  0  0  0/0    10:45   0:00   0:00 
Radko Gudas              0  0  0  -1  2   0  1  0  0  0  0/0     4:30   0:00   0:00 
Tobias Enstrom           0  0  0  -3  0   2  0  0  0  0  0/0    25:00   1:09   3:31 
Tyler Myers              0  0  0  -3  0   1  4  1  0  0  0/0    24:41   0:50   3:31 
Vernon Fiddler           0  0  0  -1  0   1  0  0  0  0  5/13   19:05   0:00   3:34 

Players Stats for Predators

Player Name              G  A  P  +/- PIM S  H  SB GA TA FO     MP     PP MP  PK MP  
------------------------------------------------------------------------------------
Anton Stralman           0  0  0   0  0   0  0  0  0  0  0/0     0:18   0:00   0:18 
Artem Anisimov           0  1  1   0  0   2  0  0  0  0  0/2    14:30   0:00   1:02 
Cody Franson             0  2  2   3  0   2  1  1  0  0  0/0    21:22   2:16   1:15 
Derick Brassard          0  1  1   0  0   6  1  0  0  0  3/8    22:37   2:13   0:00 
Jaden Schwartz           1  0  1   0  0   7  1  0  0  0  0/1    21:22   3:44   0:00 
Joe Colborne             0  0  0   0  0   0  0  0  0  0  1/2     3:43   0:00   0:57 
Kevin Hayes              1  0  1   0  0   3  0  0  0  0  1/1    13:28   0:00   0:00 
Max Pacioretty           1  0  1   2  0   4  1  0  0  0  1/2    20:25   2:13   0:00 
Nicklas Backstrom        0  2  2   2  0   2  0  0  0  0  23/35  21:20   3:08   0:00 
Oscar Klefbom            0  0  0   3  0   0  0  2  0  0  0/0    17:51   0:00   0:00 
Roman Josi               0  0  0   0  0   0  0  2  0  0  0/0    22:17   3:41   0:00 
Stephane Robidas         0  0  0  -1  0   0  1  1  0  0  0/0    16:21   0:00   0:44 
Steve Ott                0  0  0   0  0   0  1  0  0  0  1/2     3:22   0:36   0:00 
Steven Stamkos           0  0  0   0  0   3  4  0  0  0  11/21  21:22   3:44   0:00 
T.J. Oshie               1  0  1   2  0   3  1  0  0  0  0/2    21:22   2:13   0:57 
Valtteri Filppula        0  1  1   0  0   0  2  0  0  0  11/19  16:46   2:16   1:02 
Zach Bogosian            0  0  0   0  0   2  4  2  0  0  0/0    23:58   3:41   1:41 
Zbynek Michalek          0  0  0  -1  2   1  1  0  0  0  0/0    15:36   0:00   0:00 

3 Stars

1 - Cam Atkinson (WPG)
2 - Cody Franson (NSH)
3 - T.J. Oshie (NSH)

Power Play

Jets - 0 on 1 Attempt(s) - 0.00%
Predators - 0 on 3 Attempt(s) - 0.00%

Penalty Kill

Jets - 3 on 3 Attempt(s) - 100.00% - Score 0 goal in Penalty Kill
Predators - 1 on 1 Attempt(s) - 100.00% - Score 0 goal in Penalty Kill

Team Stat

Jets - Hits : 20 - Faceoff Wins : 43 - Blocked Shots : 4 - Penalty Minutes : 6
Predators - Hits : 18 - Faceoff Wins : 52 - Blocked Shots : 8 - Penalty Minutes : 2

Official

Referees : Tom Chmielewski and Mike Hasenfratz
Linesman : Derek Nansen and Pierre Racicot

Game Notes

No Game Note

Finance

Level 1 -- Attendance: 4474 (68.83%) -- Ticket Income $536,880
Level 2 -- Attendance: 5000 (100.00%) -- Ticket Income $400,000
Level 3 -- Attendance: 2986 (85.31%) -- Ticket Income $149,300
Level 4 -- Attendance: 1113 (100.00%) -- Ticket Income $46,746
Luxury Box -- Attendance: 897 (89.70%) -- Ticket Income $165,945
Game was played at the Bridgestone Arena.
Total Attendance: 14470 (84.56%)
Total Ticket Income: $1,298,871
Other Income: $194,831
Total Income: $1,493,702

% Time on Ice - Jets

Lines # - Real PCT - Wanted PCT - Time Play
Normal Forward
1 - 40% - 40% - 20:49
2 - 30% - 30% - 15:44
3 - 21% - 20% - 10:45
4 - 9% - 10% - 4:46
Normal Defense
1 - 39% - 39% - 20:20
2 - 32% - 31% - 16:47
3 - 20% - 20% - 10:26
4 - 9% - 10% - 4:31
PP Forward
1 - 68% - 73% - 1:21
2 - 32% - 27% - 0:38
PP Defense
1 - 58% - 70% - 1:09
2 - 42% - 30% - 0:50
PK Forward
1 - 100% - 75% - 5:57
2 - 0% - 25% - 0:00
PK Defense
1 - 59% - 60% - 3:31
2 - 41% - 40% - 2:26
PK3 Forward
1 - 0% - 70%
2 - 0% - 30%
PK3 Defense
1 - 0% - 60%
2 - 0% - 40%
44 Forward
1 - 0% - 50%
2 - 0% - 50%
44 Defense
1 - 0% - 51%
2 - 0% - 49%
Last Minute Offensive  - 0:00
Last Minute Defensive  - 0:00
Total
Forward - 60:00
Defense - 60:00

% Time on Ice - Predators

Lines # - Real PCT - Wanted PCT - Time Play
Normal Forward
1 - 34% - 38% - 17:38
2 - 35% - 35% - 18:12
3 - 26% - 25% - 13:28
4 - 5% - 2% - 2:46
Normal Defense
1 - 36% - 36% - 18:36
2 - 34% - 34% - 17:51
3 - 30% - 30% - 15:37
4 - 0% - 0% - 0:00
PP Forward
1 - 63% - 57% - 3:44
2 - 37% - 43% - 2:13
PP Defense
1 - 62% - 60% - 3:41
2 - 38% - 40% - 2:16
PK Forward
1 - 52% - 60% - 1:02
2 - 48% - 40% - 0:57
PK Defense
1 - 63% - 60% - 1:15
2 - 37% - 40% - 0:44
PK3 Forward
1 - 0% - 60%
2 - 0% - 40%
PK3 Defense
1 - 0% - 60%
2 - 0% - 40%
44 Forward
1 - 0% - 60%
2 - 0% - 40%
44 Defense
1 - 0% - 60%
2 - 0% - 40%
Last Minute Offensive  - 0:00
Last Minute Defensive  - 0:00
Total
Forward - 60:00
Defense - 60:00

Play by Play

1st period


0:01 of 1st period - David Krejci wins face-off versus Jaden Schwartz in neutral zone.
0:04 of 1st period - Zach Bogosian is hit by Jamie Benn and loses puck.
0:23 of 1st period - Shot by Steven Stamkos.
0:23 of 1st period - Stopped by Cory Schneider with a rebound.
0:31 of 1st period - Shot by Derick Brassard.
0:31 of 1st period - Stopped by Cory Schneider without a rebound.
0:32 of 1st period - Nick Bonino wins face-off versus Nicklas Backstrom in Jets zone.
0:39 of 1st period - Shot by Nick Bonino.
0:39 of 1st period - Shot Blocked by Oscar Klefbom.
0:41 of 1st period - Shot by Cam Atkinson.
0:41 of 1st period - Stopped by Pekka Rinne without a rebound.
0:42 of 1st period - Valtteri Filppula wins face-off versus Vernon Fiddler in Predators zone.
1:00 of 1st period - Valtteri Filppula is hit by Dylan Olsen and loses puck.
1:03 of 1st period - Shot by Valtteri Filppula.
1:03 of 1st period - Shot Misses the Net.
1:05 of 1st period - Shot by Valtteri Filppula.
1:05 of 1st period - Shot Misses the Net.
1:16 of 1st period - Brett Connolly is hit by Zbynek Michalek.
1:27 of 1st period - Minor Penalty to Zbynek Michalek for Holding.
1:28 of 1st period - David Krejci wins face-off versus Valtteri Filppula in Predators zone.
1:39 of 1st period - Shot by Kevin Klein.
1:39 of 1st period - Stopped by Pekka Rinne without a rebound.
1:40 of 1st period - Joe Colborne wins face-off versus David Krejci in Predators zone.
2:16 of 1st period - Shot by Jeff Carter.
2:16 of 1st period - Stopped by Pekka Rinne with a rebound.
2:42 of 1st period - Shot by Nick Bonino.
2:42 of 1st period - Deflect By Cam Atkinson.
2:42 of 1st period - Stopped by Pekka Rinne without a rebound.
2:43 of 1st period - Nick Bonino wins face-off versus Valtteri Filppula in Predators zone.
2:58 of 1st period - Shot by Tyler Myers.
2:58 of 1st period - Stopped by Pekka Rinne with a rebound.
3:00 of 1st period - Shot by Kevin Klein.
3:00 of 1st period - Stopped by Pekka Rinne without a rebound.
3:01 of 1st period - David Krejci wins face-off versus Valtteri Filppula in Predators zone.
3:22 of 1st period - Shot by Jeff Carter.
3:22 of 1st period - Stopped by Pekka Rinne with a rebound.
3:24 of 1st period - Shot by Tobias Enstrom.
3:24 of 1st period - Shot Misses the Net.
3:40 of 1st period - Shot by Vernon Fiddler.
3:40 of 1st period - Deflect By Craig Cunningham.
3:40 of 1st period - Stopped by Pekka Rinne without a rebound.
3:41 of 1st period - Nicklas Backstrom wins face-off versus Nick Bonino in Predators zone.
3:41 of 1st period - Nicklas Backstrom is hit by Anders Lee.
3:47 of 1st period - Icing by Stephane Robidas.
3:48 of 1st period - Nick Bonino wins face-off versus Nicklas Backstrom in Predators zone.
4:27 of 1st period - Zbynek Michalek is hit by Anders Lee and loses puck.
4:39 of 1st period - Minor Penalty to Jamie Benn for Hooking.
4:40 of 1st period - Nick Bonino wins face-off versus Nicklas Backstrom in Jets zone.
5:52 of 1st period - Shot by Derick Brassard.
5:52 of 1st period - Stopped by Cory Schneider without a rebound.
5:53 of 1st period - Nick Bonino wins face-off versus Steve Ott in Jets zone.
6:57 of 1st period - Icing by Valtteri Filppula.
6:58 of 1st period - Boyd Gordon wins face-off versus Valtteri Filppula in Predators zone.
7:01 of 1st period - Shot by Vernon Fiddler.
7:01 of 1st period - Stopped by Pekka Rinne without a rebound.
7:02 of 1st period - Nicklas Backstrom wins face-off versus Jeff Carter in Predators zone.
7:43 of 1st period - Shot by Max Pacioretty.
7:43 of 1st period - Stopped by Cory Schneider with a rebound.
8:52 of 1st period - Icing by Zbynek Michalek.
8:53 of 1st period - Valtteri Filppula wins face-off versus Vernon Fiddler in Predators zone.
9:04 of 1st period - Shot by Artem Anisimov.
9:04 of 1st period - Deflect By Valtteri Filppula.
9:04 of 1st period - Shot Misses the Net.
9:18 of 1st period - Shot by Kevin Hayes.
9:18 of 1st period - Stopped by Cory Schneider without a rebound.
9:19 of 1st period - Nicklas Backstrom wins face-off versus Boyd Gordon in Jets zone.
9:24 of 1st period - Shot by Max Pacioretty.
9:24 of 1st period - Goal by Max Pacioretty - Jets : 0 - Predators : 1.
9:25 of 1st period - Steven Stamkos wins face-off versus David Krejci in neutral zone.
10:08 of 1st period - Off-side.
10:09 of 1st period - Max Pacioretty wins face-off versus Nick Bonino in neutral zone.
11:32 of 1st period - Shot by Kevin Hayes.
11:32 of 1st period - Shot Misses the Net.
11:34 of 1st period - Shot by Stephane Robidas.
11:34 of 1st period - Shot Misses the Net.
12:22 of 1st period - Shot by Jamie Benn.
12:22 of 1st period - Deflect By Jeff Carter.
12:22 of 1st period - Shot Blocked by Roman Josi.
12:24 of 1st period - Shot by Tobias Enstrom.
12:24 of 1st period - Deflect By Jamie Benn.
12:24 of 1st period - Shot Misses the Net.
12:26 of 1st period - Shot by David Krejci.
12:26 of 1st period - Shot Blocked by Zach Bogosian.
12:28 of 1st period - Shot by Jamie Benn.
12:28 of 1st period - Shot Misses the Net.
12:30 of 1st period - Shot by Jeff Carter.
12:30 of 1st period - Stopped by Pekka Rinne without a rebound.
12:31 of 1st period - Nicklas Backstrom wins face-off versus Boyd Gordon in Predators zone.
12:31 of 1st period - Nicklas Backstrom is hit by Craig Cunningham.
12:37 of 1st period - Shot by Nicklas Backstrom.
12:37 of 1st period - Shot Misses the Net.
12:45 of 1st period - Shot by T.J. Oshie.
12:45 of 1st period - Shot Misses the Net.
12:47 of 1st period - Shot by Nicklas Backstrom.
12:47 of 1st period - Shot Misses the Net.
12:56 of 1st period - Minor Penalty to Radko Gudas for Hooking.
12:57 of 1st period - Nicklas Backstrom wins face-off versus Vernon Fiddler in Jets zone.
13:18 of 1st period - Shot by Steven Stamkos.
13:18 of 1st period - Deflect By Jaden Schwartz.
13:18 of 1st period - Shot Blocked by Tyler Myers.
13:20 of 1st period - Shot by Roman Josi.
13:20 of 1st period - Shot Misses the Net.
13:39 of 1st period - Nick Bonino is hit by Zach Bogosian and loses puck.
13:43 of 1st period - Icing by Roman Josi.
13:44 of 1st period - Nicklas Backstrom wins face-off versus Nick Bonino in Predators zone.
13:53 of 1st period - Nick Bonino is hit by Steven Stamkos and loses puck.
14:10 of 1st period - Shot by Cody Franson.
14:10 of 1st period - Stopped by Cory Schneider without a rebound.
14:11 of 1st period - Derick Brassard wins face-off versus Nick Bonino in Jets zone.
14:32 of 1st period - Shot by Cody Franson.
14:32 of 1st period - Stopped by Cory Schneider without a rebound.
14:33 of 1st period - Derick Brassard wins face-off versus Brett Connolly in Jets zone.
14:38 of 1st period - Shot by T.J. Oshie.
14:38 of 1st period - Stopped by Cory Schneider with a rebound.
14:42 of 1st period - Shot by Zach Bogosian.
14:42 of 1st period - Stopped by Cory Schneider without a rebound.
14:43 of 1st period - Nicklas Backstrom wins face-off versus Nick Bonino in Jets zone.
15:00 of 1st period - Shot by Derick Brassard.
15:00 of 1st period - Stopped by Cory Schneider without a rebound.
15:01 of 1st period - David Krejci wins face-off versus Valtteri Filppula in Jets zone.
15:40 of 1st period - Off-side.
15:41 of 1st period - Steven Stamkos wins face-off versus Vernon Fiddler in neutral zone.
16:24 of 1st period - Shot by Jaden Schwartz.
16:24 of 1st period - Shot Misses the Net.
16:26 of 1st period - Shot by Jaden Schwartz.
16:26 of 1st period - Stopped by Cory Schneider without a rebound.
16:27 of 1st period - Nicklas Backstrom wins face-off versus David Krejci in Jets zone.
16:40 of 1st period - Shot by Jamie Benn.
16:40 of 1st period - Stopped by Pekka Rinne without a rebound.
16:41 of 1st period - Nick Bonino wins face-off versus Valtteri Filppula in Predators zone.
17:00 of 1st period - Shot by Anders Lee.
17:00 of 1st period - Stopped by Pekka Rinne without a rebound.
17:01 of 1st period - Nicklas Backstrom wins face-off versus David Krejci in Predators zone.
17:28 of 1st period - Shot by Jamie Benn.
17:28 of 1st period - Shot Misses the Net.
17:53 of 1st period - Icing by T.J. Oshie.
17:54 of 1st period - Nicklas Backstrom wins face-off versus Nick Bonino in Predators zone.
17:59 of 1st period - Shot by Nicklas Backstrom.
17:59 of 1st period - Shot Misses the Net.
18:06 of 1st period - Icing by Kevin Klein.
18:07 of 1st period - Nick Bonino wins face-off versus Steven Stamkos in Jets zone.
18:18 of 1st period - Shot by Steven Stamkos.
18:18 of 1st period - Stopped by Cory Schneider with a rebound.
18:20 of 1st period - Shot by Jaden Schwartz.
18:20 of 1st period - Stopped by Cory Schneider without a rebound.
18:21 of 1st period - Boyd Gordon wins face-off versus Artem Anisimov in Jets zone.
18:39 of 1st period - Off-side.
18:40 of 1st period - David Krejci wins face-off versus Steven Stamkos in neutral zone.
18:45 of 1st period - Shot by Jamie Benn.
18:45 of 1st period - Shot Misses the Net.
18:53 of 1st period - Shot by Jeff Carter.
18:53 of 1st period - Stopped by Pekka Rinne without a rebound.
18:54 of 1st period - Nicklas Backstrom wins face-off versus Nick Bonino in Predators zone.
19:15 of 1st period - Shot by Anders Lee.
19:15 of 1st period - Shot Blocked by Zach Bogosian.
19:52 of 1st period - Derick Brassard is hit by Kevin Klein and loses puck.
Goals for this period are 0 for Jets vs 1 for Predators.
Shots for this period are 13 for Jets vs 14 for Predators.

2nd period


0:01 of 2nd period - Steven Stamkos wins face-off versus David Krejci in neutral zone.
0:15 of 2nd period - Icing by Cody Franson.
0:16 of 2nd period - Steven Stamkos wins face-off versus Vernon Fiddler in Predators zone.
0:27 of 2nd period - Icing by Steven Stamkos.
0:28 of 2nd period - Steven Stamkos wins face-off versus David Krejci in Predators zone.
0:47 of 2nd period - Shot by Jaden Schwartz.
0:47 of 2nd period - Goal by Jaden Schwartz - Jets : 0 - Predators : 2.
0:48 of 2nd period - Nicklas Backstrom wins face-off versus Nick Bonino in neutral zone.
1:29 of 2nd period - Off-side.
1:30 of 2nd period - Steven Stamkos wins face-off versus David Krejci in neutral zone.
2:00 of 2nd period - Shot by Derick Brassard.
2:00 of 2nd period - Stopped by Cory Schneider without a rebound.
2:01 of 2nd period - Vernon Fiddler wins face-off versus Valtteri Filppula in Jets zone.
3:32 of 2nd period - Shot by Jamie Benn.
3:32 of 2nd period - Shot Misses the Net.
3:34 of 2nd period - Shot by Jamie Benn.
3:34 of 2nd period - Stopped by Pekka Rinne without a rebound.
3:35 of 2nd period - Nicklas Backstrom wins face-off versus Nick Bonino in Predators zone.
3:53 of 2nd period - Shot by T.J. Oshie.
3:53 of 2nd period - Shot Misses the Net.
3:55 of 2nd period - Shot by Stephane Robidas.
3:55 of 2nd period - Shot Blocked by Nicklas Grossmann.
3:57 of 2nd period - Shot by Stephane Robidas.
3:57 of 2nd period - Shot Misses the Net.
4:05 of 2nd period - Shot by Max Pacioretty.
4:05 of 2nd period - Stopped by Cory Schneider without a rebound.
4:06 of 2nd period - Steven Stamkos wins face-off versus Boyd Gordon in Jets zone.
4:11 of 2nd period - Shot by Jaden Schwartz.
4:11 of 2nd period - Shot Misses the Net.
5:00 of 2nd period - Shot by Jamie Benn.
5:00 of 2nd period - Shot Misses the Net.
5:02 of 2nd period - Shot by Jamie Benn.
5:02 of 2nd period - Stopped by Pekka Rinne with a rebound.
5:04 of 2nd period - Shot by Kevin Klein.
5:04 of 2nd period - Shot Misses the Net.
5:06 of 2nd period - Shot by Kevin Klein.
5:06 of 2nd period - Shot Misses the Net.
5:08 of 2nd period - Shot by David Krejci.
5:08 of 2nd period - Shot Misses the Net.
5:24 of 2nd period - Shot by David Krejci.
5:24 of 2nd period - Shot Blocked by Cody Franson.
5:26 of 2nd period - Shot by Brett Bellemore.
5:26 of 2nd period - Stopped by Pekka Rinne without a rebound.
5:27 of 2nd period - Nicklas Backstrom wins face-off versus Nick Bonino in Predators zone.
5:39 of 2nd period - Icing by Nick Bonino.
5:40 of 2nd period - Valtteri Filppula wins face-off versus Nick Bonino in Jets zone.
5:47 of 2nd period - Shot by Valtteri Filppula.
5:47 of 2nd period - Shot Misses the Net.
6:03 of 2nd period - Shot by Cam Atkinson.
6:03 of 2nd period - Goal by Cam Atkinson - Jets : 1 - Predators : 2.
6:04 of 2nd period - Nicklas Backstrom wins face-off versus David Krejci in neutral zone.
6:15 of 2nd period - Icing by Roman Josi.
6:16 of 2nd period - Nicklas Backstrom wins face-off versus Vernon Fiddler in Predators zone.
6:27 of 2nd period - Shot by T.J. Oshie.
6:27 of 2nd period - Stopped by Cory Schneider without a rebound.
6:28 of 2nd period - Valtteri Filppula wins face-off versus David Krejci in Jets zone.
7:52 of 2nd period - Steven Stamkos is hit by Anders Lee and loses puck.
8:00 of 2nd period - Nick Bonino is hit by Zach Bogosian and loses puck.
8:13 of 2nd period - Shot by Patrick Eaves.
8:13 of 2nd period - Shot Misses the Net.
8:33 of 2nd period - Shot by Brett Connolly.
8:33 of 2nd period - Shot Misses the Net.
9:36 of 2nd period - Icing by David Krejci.
9:37 of 2nd period - Valtteri Filppula wins face-off versus David Krejci in Jets zone.
10:49 of 2nd period - Shot by T.J. Oshie.
10:49 of 2nd period - Goal by T.J. Oshie - Jets : 1 - Predators : 3.
10:50 of 2nd period - Derick Brassard wins face-off versus Nick Bonino in neutral zone.
11:03 of 2nd period - Dylan Olsen is hit by Steve Ott and loses puck.
11:15 of 2nd period - Icing by Joe Colborne.
11:16 of 2nd period - Vernon Fiddler wins face-off versus Derick Brassard in Predators zone.
11:20 of 2nd period - Icing by Zach Bogosian.
11:21 of 2nd period - Brett Connolly wins face-off versus Derick Brassard in Predators zone.
11:44 of 2nd period - Icing by Brett Bellemore.
11:45 of 2nd period - Vernon Fiddler wins face-off versus Nicklas Backstrom in Jets zone.
11:52 of 2nd period - Oscar Klefbom is hit by Patrick Eaves and loses puck.
12:41 of 2nd period - Icing by Nicklas Grossmann.
12:42 of 2nd period - Kevin Hayes wins face-off versus Cam Atkinson in Jets zone.
13:09 of 2nd period - Shot by Artem Anisimov.
13:09 of 2nd period - Deflect By Kevin Hayes.
13:09 of 2nd period - Stopped by Cory Schneider without a rebound.
13:10 of 2nd period - David Krejci wins face-off versus Derick Brassard in Jets zone.
13:29 of 2nd period - Icing by Derick Brassard.
13:30 of 2nd period - Steven Stamkos wins face-off versus Boyd Gordon in Predators zone.
13:34 of 2nd period - Jaden Schwartz is hit by Radko Gudas and loses puck.
13:37 of 2nd period - Shot by Jaden Schwartz.
13:37 of 2nd period - Shot Misses the Net.
13:39 of 2nd period - Shot by Zbynek Michalek.
13:39 of 2nd period - Stopped by Cory Schneider with a rebound.
13:44 of 2nd period - Icing by Nicklas Grossmann.
13:45 of 2nd period - Boyd Gordon wins face-off versus T.J. Oshie in Jets zone.
13:50 of 2nd period - Shot by Vernon Fiddler.
13:50 of 2nd period - Shot Misses the Net.
13:59 of 2nd period - Icing by Vernon Fiddler.
14:00 of 2nd period - Steven Stamkos wins face-off versus Boyd Gordon in Jets zone.
14:03 of 2nd period - Shot by Jaden Schwartz.
14:03 of 2nd period - Stopped by Cory Schneider without a rebound.
14:04 of 2nd period - David Krejci wins face-off versus Steven Stamkos in Jets zone.
14:04 of 2nd period - David Krejci is hit by Jaden Schwartz.
14:28 of 2nd period - Shot by Jamie Benn.
14:28 of 2nd period - Stopped by Pekka Rinne without a rebound.
14:29 of 2nd period - Nick Bonino wins face-off versus Nicklas Backstrom in Predators zone.
14:30 of 2nd period - Shot by Cam Atkinson.
14:30 of 2nd period - Shot Misses the Net.
14:52 of 2nd period - Shot by Max Pacioretty.
14:52 of 2nd period - Stopped by Cory Schneider without a rebound.
14:53 of 2nd period - Steven Stamkos wins face-off versus David Krejci in Jets zone.
15:11 of 2nd period - Tobias Enstrom is hit by Stephane Robidas and loses puck.
15:23 of 2nd period - Icing by Jeff Carter.
15:24 of 2nd period - Nicklas Backstrom wins face-off versus David Krejci in Jets zone.
15:29 of 2nd period - Shot by Max Pacioretty.
15:29 of 2nd period - Shot Misses the Net.
16:36 of 2nd period - Cam Atkinson is hit by Zach Bogosian and loses puck.
17:15 of 2nd period - Off-side.
17:16 of 2nd period - Valtteri Filppula wins face-off versus Boyd Gordon in neutral zone.
17:16 of 2nd period - Stephane Robidas is hit by Craig Cunningham and loses puck.
19:11 of 2nd period - Shot by Steven Stamkos.
19:11 of 2nd period - Stopped by Cory Schneider without a rebound.
19:12 of 2nd period - Nicklas Backstrom wins face-off versus Vernon Fiddler in Jets zone.
19:15 of 2nd period - Shot by Max Pacioretty.
19:15 of 2nd period - Shot Misses the Net.
19:31 of 2nd period - Shot by T.J. Oshie.
19:31 of 2nd period - Shot Misses the Net.
Goals for this period are 1 for Jets vs 2 for Predators.
Shots for this period are 5 for Jets vs 10 for Predators.

3rd period


0:01 of 3rd period - David Krejci wins face-off versus Steven Stamkos in neutral zone.
0:05 of 3rd period - Icing by Oscar Klefbom.
0:06 of 3rd period - David Krejci wins face-off versus Steven Stamkos in Predators zone.
0:34 of 3rd period - Oscar Klefbom is hit by Jeff Carter and loses puck.
0:51 of 3rd period - Shot by Derick Brassard.
0:51 of 3rd period - Stopped by Cory Schneider with a rebound.
1:34 of 3rd period - Shot by Anders Lee.
1:34 of 3rd period - Stopped by Pekka Rinne without a rebound.
1:35 of 3rd period - Valtteri Filppula wins face-off versus Vernon Fiddler in Predators zone.
1:35 of 3rd period - Valtteri Filppula is hit by Brett Connolly.
1:53 of 3rd period - Shot by Artem Anisimov.
1:53 of 3rd period - Stopped by Cory Schneider without a rebound.
1:54 of 3rd period - Anders Lee wins face-off versus Joe Colborne in Jets zone.
2:13 of 3rd period - Shot by Derick Brassard.
2:13 of 3rd period - Shot Blocked by Brett Bellemore.
2:21 of 3rd period - Shot by Derick Brassard.
2:21 of 3rd period - Stopped by Cory Schneider without a rebound.
2:22 of 3rd period - Nicklas Backstrom wins face-off versus Jamie Benn in Jets zone.
2:36 of 3rd period - Max Pacioretty is hit by Tyler Myers and loses puck.
2:51 of 3rd period - Max Pacioretty is hit by Tyler Myers and loses puck.
3:01 of 3rd period - Nicklas Backstrom is hit by Tyler Myers and loses puck.
3:21 of 3rd period - Icing by Dylan Olsen.
3:22 of 3rd period - Nick Bonino wins face-off versus Steven Stamkos in Jets zone.
3:22 of 3rd period - Nick Bonino is hit by Steven Stamkos.
4:15 of 3rd period - Shot by Brett Connolly.
4:15 of 3rd period - Shot Misses the Net.
5:12 of 3rd period - Shot by Valtteri Filppula.
5:12 of 3rd period - Shot Blocked by Kevin Klein.
5:48 of 3rd period - Shot by Jamie Benn.
5:48 of 3rd period - Shot Blocked by Stephane Robidas.
5:50 of 3rd period - Shot by Jamie Benn.
5:50 of 3rd period - Stopped by Pekka Rinne without a rebound.
5:51 of 3rd period - Nick Bonino wins face-off versus Nicklas Backstrom in Predators zone.
5:55 of 3rd period - Icing by Zach Bogosian.
5:56 of 3rd period - Nick Bonino wins face-off versus Nicklas Backstrom in Predators zone.
6:06 of 3rd period - Icing by Roman Josi.
6:07 of 3rd period - David Krejci wins face-off versus Max Pacioretty in Predators zone.
6:07 of 3rd period - Jamie Benn is hit by Zach Bogosian.
6:11 of 3rd period - Shot by Jamie Benn.
6:11 of 3rd period - Stopped by Pekka Rinne with a rebound.
6:34 of 3rd period - Off-side.
6:35 of 3rd period - Nick Bonino wins face-off versus Steven Stamkos in neutral zone.
7:53 of 3rd period - Shot by Nicklas Backstrom.
7:53 of 3rd period - Stopped by Cory Schneider without a rebound.
7:54 of 3rd period - Boyd Gordon wins face-off versus Artem Anisimov in Jets zone.
7:54 of 3rd period - Boyd Gordon is hit by Valtteri Filppula.
7:59 of 3rd period - Off-side.
8:00 of 3rd period - Valtteri Filppula wins face-off versus David Krejci in neutral zone.
8:03 of 3rd period - Tobias Enstrom is hit by Valtteri Filppula and loses puck.
8:14 of 3rd period - Shot by Artem Anisimov.
8:14 of 3rd period - Shot Misses the Net.
8:16 of 3rd period - Shot by Artem Anisimov.
8:16 of 3rd period - Stopped by Cory Schneider without a rebound.
8:17 of 3rd period - Boyd Gordon wins face-off versus Nicklas Backstrom in Jets zone.
9:04 of 3rd period - Zach Bogosian is hit by Boyd Gordon and loses puck.
9:12 of 3rd period - Icing by Roman Josi.
9:13 of 3rd period - David Krejci wins face-off versus Nicklas Backstrom in Predators zone.
9:21 of 3rd period - Icing by Zach Bogosian.
9:22 of 3rd period - Nicklas Backstrom wins face-off versus David Krejci in Predators zone.
9:42 of 3rd period - Derick Brassard is hit by Tyler Myers and loses puck.
9:57 of 3rd period - Shot by David Krejci.
9:57 of 3rd period - Stopped by Pekka Rinne without a rebound.
9:58 of 3rd period - Valtteri Filppula wins face-off versus Nick Bonino in Predators zone.
10:16 of 3rd period - Icing by Oscar Klefbom.
10:17 of 3rd period - Vernon Fiddler wins face-off versus Valtteri Filppula in Predators zone.
10:17 of 3rd period - Vernon Fiddler is hit by Cody Franson.
10:39 of 3rd period - Shot by Valtteri Filppula.
10:39 of 3rd period - Shot Misses the Net.
10:41 of 3rd period - Shot by Artem Anisimov.
10:41 of 3rd period - Shot Misses the Net.
11:21 of 3rd period - Derick Brassard is hit by Brett Bellemore and loses puck.
11:28 of 3rd period - Shot by Jaden Schwartz.
11:28 of 3rd period - Stopped by Cory Schneider without a rebound.
11:29 of 3rd period - Nicklas Backstrom wins face-off versus David Krejci in Jets zone.
11:52 of 3rd period - Shot by David Krejci.
11:52 of 3rd period - Stopped by Pekka Rinne without a rebound.
11:53 of 3rd period - Steven Stamkos wins face-off versus Cam Atkinson in Predators zone.
12:20 of 3rd period - Shot by Cam Atkinson.
12:20 of 3rd period - Goal by Cam Atkinson - Jets : 2 - Predators : 3.
12:21 of 3rd period - Nicklas Backstrom wins face-off versus David Krejci in neutral zone.
12:39 of 3rd period - Minor Penalty to Jeff Carter for Hooking.
12:40 of 3rd period - Nick Bonino wins face-off versus Steven Stamkos in Jets zone.
12:57 of 3rd period - Shot by Jaden Schwartz.
12:57 of 3rd period - Stopped by Cory Schneider without a rebound.
12:58 of 3rd period - Nick Bonino wins face-off versus Derick Brassard in Jets zone.
12:58 of 3rd period - Nick Bonino is hit by Max Pacioretty.
13:28 of 3rd period - Shot by Derick Brassard.
13:28 of 3rd period - Shot Misses the Net.
15:16 of 3rd period - Off-side.
15:17 of 3rd period - Steve Ott wins face-off versus Boyd Gordon in neutral zone.
15:52 of 3rd period - Icing by Cody Franson.
15:53 of 3rd period - Nick Bonino wins face-off versus Derick Brassard in Predators zone.
16:32 of 3rd period - Shot by Anders Lee.
16:32 of 3rd period - Shot Blocked by Oscar Klefbom.
16:34 of 3rd period - Shot by Tobias Enstrom.
16:34 of 3rd period - Stopped by Pekka Rinne without a rebound.
16:35 of 3rd period - Nicklas Backstrom wins face-off versus David Krejci in Predators zone.
16:37 of 3rd period - Icing by Max Pacioretty.
16:38 of 3rd period - Jeff Carter wins face-off versus Nicklas Backstrom in Predators zone.
16:39 of 3rd period - Shot by Jamie Benn.
16:39 of 3rd period - Shot Misses the Net.
16:41 of 3rd period - Shot by Kevin Klein.
16:41 of 3rd period - Shot Blocked by Roman Josi.
16:43 of 3rd period - Shot by Kevin Klein.
16:43 of 3rd period - Stopped by Pekka Rinne without a rebound.
16:44 of 3rd period - David Krejci wins face-off versus Nicklas Backstrom in Predators zone.
16:55 of 3rd period - Shot by Nicklas Backstrom.
16:55 of 3rd period - Stopped by Cory Schneider with a rebound.
16:57 of 3rd period - Shot by Zach Bogosian.
16:57 of 3rd period - Stopped by Cory Schneider without a rebound.
16:58 of 3rd period - Valtteri Filppula wins face-off versus Cam Atkinson in Jets zone.
17:01 of 3rd period - Shot by Valtteri Filppula.
17:01 of 3rd period - Deflect By Kevin Hayes.
17:01 of 3rd period - Goal by Kevin Hayes - Jets : 2 - Predators : 4.
17:02 of 3rd period - David Krejci wins face-off versus T.J. Oshie in neutral zone.
17:02 of 3rd period - Jamie Benn is hit by T.J. Oshie and loses puck.
18:00 of 3rd period - Zach Bogosian is hit by Anders Lee and loses puck.
18:10 of 3rd period - Icing by Brett Bellemore.
18:11 of 3rd period - Nick Bonino wins face-off versus Steven Stamkos in Jets zone.
18:11 of 3rd period - Nick Bonino is hit by Steven Stamkos.
18:19 of 3rd period - Shot by Jaden Schwartz.
18:19 of 3rd period - Stopped by Cory Schneider without a rebound.
18:20 of 3rd period - Vernon Fiddler wins face-off versus Steven Stamkos in Jets zone.
18:20 of 3rd period - Dylan Olsen is hit by Derick Brassard and loses puck.
18:24 of 3rd period - Vernon Fiddler is hit by Steven Stamkos and loses puck.
18:35 of 3rd period - Shot by Patrick Eaves.
18:35 of 3rd period - Stopped by Pekka Rinne with a rebound.
18:37 of 3rd period - Shot by Brett Connolly.
18:37 of 3rd period - Shot Misses the Net.
19:17 of 3rd period - Shot by Jeff Carter.
19:17 of 3rd period - Shot Misses the Net.
19:19 of 3rd period - Shot by Tobias Enstrom.
19:19 of 3rd period - Stopped by Pekka Rinne without a rebound.
19:20 of 3rd period - Valtteri Filppula wins face-off versus Cam Atkinson in Predators zone.
19:20 of 3rd period - Valtteri Filppula is hit by Anders Lee.
19:40 of 3rd period - Shot by Valtteri Filppula.
19:40 of 3rd period - Shot Misses the Net.
19:45 of 3rd period - Off-side.
19:46 of 3rd period - David Krejci wins face-off versus Nicklas Backstrom in neutral zone.
19:51 of 3rd period - Shot by Jeff Carter.
19:51 of 3rd period - Shot Misses the Net.
Goals for this period are 1 for Jets vs 1 for Predators.
Shots for this period are 10 for Jets vs 11 for Predators.